 Dungeon Crawl Stone Soup version 0.30.1-9-gdf580d7c3d (webtiles) character file.

Game seed: 9376283181657396672

1968329 Zonian the Slayer (level 27, 258/258 HPs)
             Began as an Armataur Fighter on Sept 24, 2023.
             Was a High Priest of Hepliaklqana.
             Escaped with the Orb
             ... and 4 runes on Oct 1, 2023!
             The game lasted 06:04:46 (98847 turns).

Zonian the Slayer (Armataur Fighter)               Turns: 98847, Time: 06:04:47

Health: 258/258    AC: 47    Str: 38    XL:     27
Magic:  38/38      EV:  3    Int: 21    God:    Hepliaklqana [*****.]
Gold:   3147       SH: 16    Dex: 12    Spells: 18/57 levels left

rFire   + . .        b - +9 demon whip (elec)
rCold   x . .        e - +5 kite shield {reflect}
rNeg    . . .        Q - +9 gold dragon scales
rPois   +            (helmet restricted)
rElec   +            o - +4 dragonskin cloak
rCorr   .            f - +2 pair of gloves {Dex+3}
SInv    .            E - +4 barding {rF+}
Will    +++..        D - amulet of guardian spirit Stlth
                     c - ring "Ryapriuj" {rF- Will+ Str+6 Int+7}
HPRegen 0.63/turn    L - ring "Roassale" {rElec rPois Str+3 Slay+4}
MPRegen 0.26/turn

%: random rage (9%), reflection, guardian spirit, roll
@: studying Polearms
A: reduced essence, large, rugged brown scales 3, deformed body, armoured tail,
roll, long tongue, awkward tongue, horns 1, berserk 2, clumsy 1, low MP 1, no
potion heal 1, cold vulnerability 2, MP-powered wands, devolution 1
0: Orb of Zot
}: 4/15 runes: serpentine, barnacled, slimy, silver
a: Renounce Religion, Recall Ancestor, Ancestor Identity, Transference, Idealise


You escaped.
You worshipped Hepliaklqana.
Hepliaklqana was extremely pleased with you.
You visited 12 branches of the dungeon, and saw 56 of its levels.
You visited the Abyss 2 times.
You visited 1 ziggurat, and saw 7 of its levels.

You collected 8608 gold pieces.
You spent 5461 gold pieces at shops.

Inventory:

Hand Weapons
 b - a +9 demon whip of electrocution (weapon)
 z - the +5 eveningstar of Causality {flame, rElec rC++ Will- rCorr}
   (You acquired it on level 5 of the Vaults)

   rC:        It greatly protects you from cold.
   rElec:     It insulates you from electricity.
   rCorr:     It protects you from acid and corrosion.
   Will:      It decreases your willpower.
 M - a +9 demon whip of venom
Missiles
 i - 9 boomerangs (quivered)
 l - 10 curare-tipped darts
 B - 2 boomerangs of dispersal
 K - 2 silver javelins
 O - 7 silver boomerangs
 V - 7 javelins
 Z - 2 throwing nets
Armour
 e - a +5 kite shield of reflection (worn)
 f - a +2 pair of gloves of dexterity (worn)
 h - a +0 helmet of see invisible
 o - the +4 dragonskin cloak (worn)
   (You took it off Tiamat on level 1 of the Realm of Zot)

   Avatar's Aegis: It grants the wearer a chance to resist fire, cold, poison,
   electricity, acid, and negative energy.
 E - a +4 barding of fire resistance (worn)
 Q - +9 gold dragon scales (worn)
Magical Staves
 q - the staff of poison "Akujent" {+Blink rElec rPois Str+5 Int-3}
   (You found it on level 1 of a ziggurat)

   [staff of poison]

   Base accuracy: +5 Base damage: 5 Base attack delay: 1.2 This weapon's minimum
   attack delay (0.6) is reached at skill level 12.
   Str:       It affects your strength (+5).
   Int:       It affects your intelligence (-3).
   rElec:     It insulates you from electricity.
   rPois:     It protects you from poison.
   +Blink:    It lets you blink.
   It falls into the 'Staves' category.
   It is a one-handed weapon.
Jewellery
 c - the ring "Ryapriuj" (left hand) {rF- Will+ Str+6 Int+7}
   (You found it on level 4 of the Vaults)

   [ring of strength]

   Str:       It affects your strength (+6).
   Int:       It affects your intelligence (+7).
   rF:        It makes you vulnerable to fire.
   Will:      It increases your willpower.
 j - the ring "Rucsedio" {Int+2 Slay+2 SInv}
   (You took it off a deep elf annihilator on level 3 of the Elven Halls)

   [ring of see invisible]

   Int:       It affects your intelligence (+2).
   Slay:      It affects your accuracy & damage with ranged weapons and melee
   (+2).
   SInv:      It lets you see invisible.
 D - an amulet of guardian spirit (around neck)
 F - the ring of Yffueporre {rN+ Str+5}
   (You found it on level 3 of the Crypt)

   [ring of positive energy]

   Str:       It affects your strength (+5).
   rN:        It protects you from negative energy.
 L - the ring "Roassale" (right hand) {rElec rPois Str+3 Slay+4}
   (You acquired it on level 5 of the Vaults)

   [ring of slaying]

   Str:       It affects your strength (+3).
   Slay:      It affects your accuracy & damage with ranged weapons and melee
   (+4).
   rElec:     It insulates you from electricity.
   rPois:     It protects you from poison.
 R - the amulet of Xunu {Faith Str+2}
   (You took it off an ancient champion on level 3 of the Crypt)

   [amulet of faith]

   It allows you to gain divine favour quickly.
   Str:       It affects your strength (+2).
 S - an amulet of magic regeneration
Wands
 g - a wand of digging (35)
 p - a wand of flame (102)
 s - a wand of mindburst (84)
 t - a wand of paralysis (10)
 A - a wand of iceblast (5)
 T - a wand of acid (20)
Scrolls
 m - 4 scrolls of fear
 n - 10 scrolls of poison
 x - 8 scrolls of teleportation
 G - 2 scrolls of blinking
 H - 8 scrolls of magic mapping
 P - 6 scrolls of silence
 X - 5 scrolls of butterflies
 Y - 2 scrolls of fog
Potions
 a - 6 potions of cancellation
 d - 4 potions of brilliance
 u - 9 potions of curing
 w - 10 potions of flight
 I - 3 potions of berserk rage
 U - 6 potions of ambrosia
 W - a potion of invisibility
Miscellaneous
 v - a box of beasts
 y - a tin of tremorstones (2/2)
 J - a lightning rod (4/4)
 N - a phantom mirror


   Skills:
 - Level 25.2 Fighting
 - Level 16.0 Maces & Flails
 - Level 6.0 Throwing
 - Level 16.0 Armour
 - Level 10.0 Stealth
 - Level 10.9 Shields
 - Level 15.7 Spellcasting
 + Level 19.0 Conjurations
 - Level 10.0 Summonings
 - Level 16.6 Translocations
 - Level 8.0 Air Magic
 - Level 18.5 Invocations
 - Level 10.0 Evocations


You had 18 spell levels left.
You knew the following spells:

 Your Spells              Type           Power      Damage    Failure   Level
a - Blink                 Tloc           100%       N/A       1%          2
b - Apportation           Tloc           100%       N/A       1%          1
c - Lesser Beckoning      Tloc           100%       N/A       1%          2
d - Manifold Assault      Tloc           72%        N/A       1%          4
e - Vhi's Electric Charg  Tloc/Air       100%       N/A       1%          3
f - Passage of Golubria   Tloc           72%        N/A       1%          4
g - Swiftness             Air            50%        N/A       4%          3
h - Dispersal             Tloc           36%        N/A       7%          6
i - Iskenderun's Mystic   Conj/Tloc      75%        2d15      1%          4
j - Summon Forest         Summ/Tloc      32%        N/A       4%          5
k - Iskenderun's Battles  Conj           77%        2d13      1%          5

Your spell library contained the following spells:

 Spells                   Type           Power      Damage    Failure   Level
 Foxfire                  Conj/Fire      100%       2x1d9     1%          1
 Kiss of Death            Conj/Necr      100%       2d13      1%          1
 Shock                    Conj/Air       100%       1d9       1%          1
 Summon Small Mammal      Summ           100%       N/A       1%          1
 Momentum Strike          Conj/Tloc      100%       3d10      1%          2
 Searing Ray              Conj           100%       2d8       1%          2
 Static Discharge         Conj/Air       100%       2-7/arc   1%          2
 Call Canine Familiar     Summ           55%        N/A       2%          3
 Dazzling Flash           Conj/Hex       100%       N/A       2%          3
 Hailstorm                Conj/Ice       54%        3d12      2%          3
 Stone Arrow              Conj/Erth      100%       3d13      2%          3
 Portal Projectile        Hex/Tloc       100%       N/A       4%          3
 Volatile Blastmotes      Fire/Tloc      100%       2d18      4%          3
 Arcjolt                  Conj/Air       32%        1d42      4%          5
 Flame Wave               Conj/Fire      54%        2d13      9%          4
 Fulminant Prism          Conj/Hex       27%        3d14      9%          4
 Summon Lightning Spire   Summ/Air       53%        N/A       11%         4
 Poisonous Vapours        Pois/Air       66%        N/A       13%         2
 Orb of Destruction       Conj           38%        9d11      14%         7
 Airstrike                Air            25%        2d(4-20)  16%         4
 Summon Guardian Golem    Hex/Summ       37%        N/A       17%         3
 Cigotuvi's Dreadful Rot  Necr/Pois/Air  54%        N/A       22%         2
 Fireball                 Conj/Fire      27%        3d12      24%         5
 Irradiate                Conj/Tmut      27%        3d20      24%         5
 Conjure Ball Lightning   Conj/Air       32%        3x3d10    26%         6
 Beastly Appendage        Tmut           32%        N/A       41%         1
 Necrotise                Necr           64%        1d7       41%         1
 Sandblast                Erth           32%        2d9       41%         1
 Animate Armour           Summ/Erth      74%        N/A       50%         4
 Summon Ice Beast         Ice/Summ       37%        N/A       50%         4
 Ensorcelled Hibernation  Hex/Ice        32%        N/A       54%         2
 Passwall                 Tmut/Erth      13%        N/A       54%         2
 Scorch                   Fire           32%        2d6       54%         2
 Wereblood                Tmut           16%        N/A       54%         2
 Summon Cactus Giant      Summ           27%        N/A       73%         6
 Confusing Touch          Hex            16%        N/A       78%         3
 Inner Flame              Hex/Fire       16%        N/A       78%         3
 Ozocubu's Armour         Ice            16%        N/A       78%         3
 Spider Form              Tmut/Pois      16%        N/A       78%         3
 Tukima's Dance           Hex            16%        N/A       78%         3
 Vampiric Draining        Necr           16%        2d7       78%         3
 Iron Shot                Conj/Erth      27%        9d6       80%         6
 Starburst                Conj/Fire      27%        6d9       80%         6
 Summon Mana Viper        Hex/Summ       37%        N/A       83%         5
 Disjunction              Tloc           36%        N/A       97%         8
 Anguish                  Hex/Necr       8%         N/A       99%         4
 Animate Dead             Necr           16%        N/A       99%         4
 Cause Fear               Hex            8%         N/A       99%         4
 Dispel Undead            Necr           16%        3d10      99%         4
 Ice Form                 Ice/Tmut       16%        N/A       99%         4
 Leda's Liquefaction      Hex/Erth       8%         N/A       99%         4
 Olgreb's Toxic Radiance  Pois           16%        N/A       99%         4
 Petrify                  Tmut/Erth      16%        N/A       99%         4
 Monstrous Menagerie      Summ           27%        N/A       99%         7
 Agony                    Necr           16%        N/A       100%        5
 Blade Hands              Tmut           8%         N/A       100%        5
 Lee's Rapid Deconstruct  Erth           8%         3d7*      100%        5
 Metabolic Englaciation   Hex/Ice        8%         N/A       100%        5
 Yara's Violent Unravell  Hex/Tmut       8%         3d5       100%        5
 Death Channel            Necr           8%         N/A       100%        6
 Eringya's Noxious Bog    Tmut/Pois      8%         N/A       100%        6
 Plasma Beam              Fire/Air       16%        2x1d30    100%        6
 Simulacrum               Ice/Necr       8%         N/A       100%        6
 Statue Form              Tmut/Erth      10%        N/A       100%        6
 Dragon Form              Tmut           8%         N/A       100%        7
 Enfeeble                 Hex            8%         N/A       100%        7
 Haunt                    Necr/Summ      18%        N/A       100%        7
 Ozocubu's Refrigeration  Ice            8%         4d9       100%        7
 Storm Form               Tmut/Air       16%        N/A       100%        7
 Discord                  Hex            8%         N/A       100%        8
 Ignition                 Fire           8%         3d5       100%        8
 Infestation              Necr           8%         N/A       100%        8
 Maxwell's Capacitive Co  Air            25%        ∞         100%        8
 Chain Lightning          Conj/Air       32%        3d43      100%        9
 Fire Storm               Conj/Fire      27%        8d7       100%        9
 Shatter                  Erth           8%         3d10*     100%        9


Dungeon Overview and Level Annotations

Branches:
Dungeon (15/15)            Temple (0/1) D:7            Lair (5/5) D:8
 Shoals (4/4) Lair:3        Snake (4/4) Lair:2        Slime (5/5) Lair:4
    Orc (2/2) D:12            Elf (3/3) Orc:2        Vaults (5/5) D:13
  Crypt (3/3) Vaults:2       Tomb (0/3) Crypt:3      Depths (4/4) D:15
   Hell (visited)             Dis (0/7) Hell            Geh (0/7) Hell
    Coc (0/7) Hell            Tar (0/7) Hell            Zot (5/5) Depths:4

Altars:
Ashenzari
Elyvilon
Fedhas
Hepliaklqana
Kikubaaqudgha
Qazlal
Sif Muna
Vehumet
Xom
Yredelemnul
Jiyva

Shops:
D:1 :   D:12 (   Orc:2 =:?(   Shoals:2 (?**:   Shoals:3 (=   Shoals:4 (
Snake:2 ?[:   Snake:4 ?:(*[   Vaults:5 *[   Depths:1 :==

Portals:
Hell: Depths:1 Depths:2 Depths:3 Depths:4
Abyss: Depths:3 Depths:4
Pandemonium: Depths:1 Depths:2 Depths:3
Trove: Elf:1 (give 2 scrolls of acquirement)

Annotations:
Crypt:1 1 transporter
Zot:2 2 transporters


Innate Abilities, Weirdness & Mutations

Your life essence is reduced to manifest your ancestor. (-10% HP)
You are completely covered in rugged brown scales. (AC +3, +7% HP)
Armour fits poorly on your strangely shaped body.
You have a long armoured tail.
You roll when moving toward enemies. (Rampage)
Your long tongue fully drains potion bottles. (2x potion effects)
Your tongue gives you trouble enunciating. (1.5x scroll delay)
You have a pair of small horns on your head.
You have an uncontrollable temper.
You are clumsy. (Dex -2)
Your magical capacity is low. (-10% MP)
Potions are less effective at restoring your health.
You are very vulnerable to cold. (rC--)
You expend magic power (3 MP) to strengthen your wands.
You have hidden genetic defects.


Message History

You see here 2 stones.
You see here a +0 dagger.
There is a stone staircase leading up here.
Unknown command.
You climb upwards.
There is a stone staircase leading down here.
Unknown command.
HP restored.
An Orb Guardian comes into view.
Unknown command.
You can't go up here!
You punish the Orb Guardian, causing immense pain!!!
The Orb Guardian is heavily wounded.
You thrash the Orb Guardian!!
You headbutt the Orb Guardian, but do no damage.
The Orb Guardian is severely wounded.
The Orb Guardian hits you but does no damage.
You completely miss the Orb Guardian. You headbutt the Orb Guardian.
The Orb Guardian is severely wounded.
You block the Orb Guardian's attack.
You hit the Orb Guardian but do no damage.
You tail-slap the Orb Guardian!
The Orb Guardian is almost dead.
You thrash the Orb Guardian!!
Lightning courses through the Orb Guardian!
You kill the Orb Guardian!
Unknown command.
(D) Dungeon (T) Temple (L) Lair (A) Shoals (P) Snake Pit (M) Slime Pits (O) Orcish Mines (E) Elven Halls (V) Vaults (C) Crypt (W) Tomb (U) Depths (H) Hell (I) Dis (G) Gehenna (X) Cocytus (Y) Tartarus (Z) Zot
Where to? (Enter - D:1 @ (x,y), ? - help)
Okay, then.
There is an open door here.
There is a fountain of clear blue water here.
There is an open door here.
There is a staircase leading out of the dungeon here.
Unknown command.
You have escaped!

#.######.......#
#.##[##.##...... #.# #########
#######.##.##.∩. #.#
#...#.##...... #.#### ######
#.8.####...... #....# #....#
#...##........ ####.# #.####
###+###.#.#....
#.#####.##.#####.....'........
#...)......#...#.....#.....#.#
#######.####.@.'..⌠..#.##.....
#....#...#.....#.......#
##########.....+........
###+####.##.... #...##........
#.8.##..##.... #...##..#.....
#####......... ##.#.#......


There were no monsters in sight!

Vanquished Creatures
  the Royal Jelly (Slime:5)
  Tiamat (Zot:1)
  3 ancient liches
  A dread lich (Vaults:2)
  4 orbs of fire (Zot:5)
  Parghit (Zot:1)
  Frederick (Crypt:2)
  3 Killer Klowns
  4 curse toes
  Geryon (Hell)
  A profane servitor (Abyss:2)
  9 golden dragons
  2 bone dragons
  3 electric golems
  An Ice Fiend (D:8)
  A Hell Sentinel (Abyss:3)
  Zenata (Elf:1)
  13 tentacled monstrosities
  Mlioglotl (Snake:2)
  20 Orb Guardians
  Asterion (Depths:1)
  5 liches
  12 acid blobs
  6 quicksilver dragons
  2 deep elf blademasters (Elf:3)
  5 titans (Vaults:5)
  9 ancient champions
  2 deep elf master archers (Elf:3)
  2 Executioners
  7 death cobs
  3 tentacled starspawn
  6 sphinxes
  4 tengu reavers
  8 storm dragons
  8 shadow dragons
  A thorn hunter (Zig:5)
  10 draconian monks
  4 nagarajas (Snake:4)
  6 fire giants
  5 draconian knights
  3 revenants
  Ilsuiw (Shoals:2)
  7 azure jellies
  8 rockslimes
  2 narguns (Zig:6)
  5 draconian scorchers
  9 frost giants
  2 deep elf sorcerers (Elf:3)
  22 vault wardens
  4 spectral caustic shrikes (Depths:4)
  19 ironbound preservers
  2 curse skulls
  An angel (Depths:3)
  2 ghost moths
  16 ghouls
  3 deep elf elementalists
  2 draconian stormcallers
  4 draconian annihilators
  7 draconian shifters
  6 reapers (Hell)
  6 quicksilver oozes
  2 war gargoyles (Zot:3)
  14 black draconians
  6 ironbound thunderhulks
  20 very ugly things
  12 stone giants
  12 vampire knights
  A demonspawn corrupter (Zig:3)
  An eleionoma (Zig:5)
  16 spark wasps
  6 green draconians
  5 deep elf demonologists
  4 purple draconians
  A bunyip (Zig:5)
  A halazid warlock (Hell)
  10 yellow draconians
  2 wendigos (Zig:6)
  12 red draconians
  A lorocyproca (Abyss:3)
  5 white draconians
  6 deep elf annihilators
  8 dire elephants
  6 deep elf death magi
  12 ettins
  12 jiangshi
  3 eidola
  8 fire dragons
  A green death (D:9)
  3 merfolk impalers
  2 merfolk javelineers
  A mummy priest (Zig:2)
  Josephine (D:15)
  13 yaktaur captains
  36 vault guards
  3 deep elf high priests
  9 great orbs of eyes
  Erolcha (Orc:2)
  4 salamander tyrants
  2 hell beasts
  9 ice dragons
  3 hydras (Lair:5)
  A peacekeeper (Vaults:3)
  6 rakshasas
  2 alligator snapping turtles (Shoals:4)
  3 spriggan air magi
  A spriggan skeleton (Depths:2)
  An ogre mage (Orc:2)
  13 anacondas
  2 ironbound frosthearts
  2 catoblepae
  15 centaur warriors
  3 two-headed ogres
  24 dancing weapons
  2 merfolk aquamancers (Shoals:4)
  4 merfolk avatars
  A boulder beetle (D:14)
  6 satyrs
  5 deep troll shamans
  2 death knights
  7 death yaks
  A death scarab (Zig:2)
  11 hell hogs
  6 shock serpents
  6 tengu warriors
  12 vampire magi
  8 naga warriors
  2 spriggan berserkers
  7 soul eaters
  7 deep troll earth magi
  9 naga sharpshooters
  An emperor scorpion zombie (Crypt:3)
  Sonja (Lair:2)
  A titan zombie (Depths:3)
  A titan skeleton (Zig:7)
  Urug (D:10)
  2 hell knights (Depths:2)
  2 storm dragon zombies
  4 sun demons
  Amaemon (Lair:3)
  Nergalle (Lair:3)
  20 deep elf knights
  15 skeletal warriors
  5 sixfirhies
  8 skysharks
  5 wretched stars
  6 shadow wraiths
  5 iron trolls
  4 glowing orange brains
  10 flayed ghosts
  48 deep trolls
  A spatial maelstrom (Abyss:2)
  14 sea snakes
  3 shadow demons
  A glowing orange brain (shapeshifter) (Vaults:5)
  4 salamander mystics
  An orange crystal statue (Zig:1)
  17 deep elf archers
  A swamp dragon (Vaults:2)
  25 ironbound convokers
  5 wizards
  10 phantasmal warriors
  6 bog bodies
  6 naga ritualists
  30 harpies
  25 deep elf pyromancers
  3 obsidian statues (Zig:1)
  5 necromancers
  4 lindwurms
  7 orc knights
  A shadow dragon zombie (Depths:2)
  16 deep elf zephyrmancers
  A sphinx zombie (Depths:2)
  6 mana vipers
  A mana viper (shapeshifter) (Abyss:3)
  3 cyclopes
  9 orc sorcerers
  5 shining eyes
  19 fauns
  22 ugly things
  A fire giant zombie (Depths:3)
  14 manticores
  A cyclops (shapeshifter) (Vaults:2)
  A worldbinder (Abyss:3)
  17 black mambas
  12 salamanders
  23 moths of wrath
  2 water nymphs
  A fire giant skeleton (Depths:2)
  8 merfolk sirens
  A frost giant skeleton (Depths:3)
  20 vault sentinels
  16 elephants
  7 guardian serpents
  3 rust devils
  An eye of devastation (Slime:2)
  3 gargoyles
  4 orange demons
  8 cane toads
  3 smoke demons
  A black mamba (shapeshifter) (Vaults:5)
  A demonic crawler (Hell)
  A titan simulacrum (Crypt:3)
  14 naga magi
  8 komodo dragons
  A rime drake (Lair:5)
  An unseen horror (D:13)
  A yaktaur (shapeshifter) (Vaults:1)
  An efreet (D:14)
  A catoblepas zombie (Crypt:3)
  3 hellions (Hell)
  2 yaktaur zombies
  5 ice devils
  41 yaktaurs
  11 freezing wraiths
  The ghost of Frenzy the Conjurer, a novice KoCj of Yredelemnul (D:7)
  3 ancient zymes (Abyss:3)
  4 tengu conjurers
  A guardian mummy (Zig:7)
  6 trolls
  3 red devils
  19 merfolk
  7 wind drakes
  4 polar bears
  An iron troll skeleton (Crypt:2)
  A death drake zombie (Crypt:2)
  16 starcursed masses
  A hellwing (Depths:3)
  A harpy skeleton (Crypt:3)
  3 hornets
  5 raiju
  A tengu simulacrum (Zig:7)
  A spriggan zombie (Depths:2)
  2 raiju (shapeshifter)
  A dream sheep (shapeshifter) (Depths:2)
  7 snapping turtles
  14 blink frogs
  2 hydra skeletons
  An ettin skeleton (Crypt:3)
  A stone giant simulacrum (Vaults:1)
  15 dream sheep
  A centaur simulacrum (D:15)
  Sigmund (D:3)
  82 slime creatures
  3 air elementals (Elf:2)
  A culicivora (shapeshifter) (D:8)
  8 flying skulls
  A shadow (Abyss:3)
  3 ynoxinuls
  43 yaks
  9 wraiths
  An ice dragon skeleton (Crypt:1)
  9 water elementals
  6 wyverns
  A basilisk (shapeshifter) (Elf:2)
  4 vampires
  7 golden eyes
  5 basilisks
  A hog (shapeshifter) (Vaults:5)
  2 chaos spawn
  2 fire elementals
  An elf skeleton (Vaults:2)
  A redback (shapeshifter) (Abyss:3)
  A redback simulacrum (D:15)
  A yaktaur simulacrum (Vaults:2)
  A human simulacrum (Vaults:1)
  6 wargs
  2 spatial vortices (Abyss:2)
  8 water moccasins
  2 glowing shapeshifter skeletons (Depths:3)
  35 nagas
  3 acid dragons
  8 large abominations
  A glowing shapeshifter zombie (Crypt:3)
  An ice beast (D:7)
  5 floating eyes
  A merfolk skeleton (Crypt:1)
  9 small abominations
  16 orc warriors
  A sky beast (D:6)
  A black bear (D:5)
  A tengu (shapeshifter) (Vaults:5)
  11 ogres
  9 boggarts
  16 wolves
  6 centaurs
  A swamp dragon skeleton (Crypt:2)
  A phantom (D:6)
  A dream sheep skeleton (Crypt:1)
  Blork the orc (D:5)
  8 bullfrogs
  A kobold brigand (D:9)
  2 necrophages
  A draconian skeleton (Crypt:1)
  2 earth elementals (Elf:2)
  2 gnoll sergeants
  A naga simulacrum (Crypt:3)
  2 scorpions
  A human skeleton (Vaults:2)
  A wyvern skeleton (Crypt:1)
  9 hexers
  A warg zombie (Crypt:3)
  30 killer bees
  A polar bear zombie (Crypt:1)
  A shapeshifter skeleton (Crypt:1)
  A troll skeleton (Crypt:3)
  5 howler monkeys
  5 electric eels
  A centaur zombie (Crypt:2)
  2 hounds (D:5)
  A gnoll bouda (Orc:2)
  5 jellies (Slime:4)
  17 orc priests
  An iron imp (Abyss:2)
  A sleepcap (D:6)
  Ijyb (D:4)
  A boggart zombie (Crypt:1)
  A hell rat (Hell)
  24 orc wizards
  3 lightning spires (Zot:3)
  A deep dwarf skeleton (Crypt:1)
  6 mummies
  Robin (D:3)
  14 gnolls
  7 adders
  A white imp (D:7)
  An ufetubus (Abyss:3)
  An iguana skeleton (Crypt:3)
  A worm (D:3)
  2 dart slugs (D:1)
  41 orcs
  4 endoplasms
  15 goblins
  7 hobgoblins
  13 kobolds
  2 quokkas
  10 ball pythons
  4 bats
  A goblin zombie (Crypt:3)
  A jackal skeleton (Crypt:2)
  5 rats
  A river rat skeleton (Crypt:2)
  A spectral kobold (D:4)
  A fire vortex (Hell)
2117 creatures vanquished.

Vanquished Creatures (collateral kills)
  2 dread liches
  An orb of fire (Zot:5)
  A royal mummy (Zig:7)
  A curse toe (Zot:5)
  A profane servitor (Crypt:3)
  An electric golem (Zot:3)
  A Hell Sentinel (Zot:4)
  Jorgrun (Shoals:1)
  2 tentacled monstrosities
  2 titans
  2 Orb Guardians (Zot:5)
  3 quicksilver dragons
  An ancient champion (Crypt:2)
  A lich (Crypt:3)
  2 death cobs
  A shadow dragon (Depths:3)
  A tengu reaver (Vaults:4)
  4 rockslimes
  A fire giant (Depths:2)
  A draconian knight (Zot:1)
  An azure jelly (Slime:3)
  3 nagarajas
  4 frost giants
  A balrug (Zot:5)
  A deep elf sorcerer (Elf:3)
  4 vault wardens
  2 ghouls
  A draconian shifter (Zot:1)
  An ironbound preserver (Vaults:1)
  2 reapers
  A draconian annihilator (Depths:4)
  2 stone giants
  A spriggan defender (Depths:2)
  2 quicksilver oozes (Slime:5)
  2 very ugly things
  A juggernaut skeleton (Zig:7)
  Nessos (Orc:2)
  A green draconian (Zot:5)
  A vampire knight (Depths:2)
  3 black draconians
  3 dire elephants
  2 white draconians (Zot:1)
  2 red draconians (Zot:1)
  A yellow draconian (Zot:4)
  A purple draconian (Depths:4)
  A deep elf annihilator (Elf:3)
  2 spark wasps
  A wendigo (Zig:6)
  An iron golem (Hell)
  2 fire dragons
  An eidolon (Crypt:2)
  An ettin (Depths:2)
  A green death (Zig:5)
  2 merfolk impalers (Shoals:4)
  A great orb of eyes (Slime:3)
  A yaktaur captain (Vaults:3)
  2 catoblepae
  2 spriggan air magi
  2 ice dragons
  3 merfolk avatars
  5 vault guards
  A centaur warrior (D:13)
  An alligator snapping turtle (Shoals:3)
  4 naga warriors
  2 satyrs
  3 anacondas
  A merfolk aquamancer (Shoals:3)
  A hell hog (Abyss:3)
  A deep troll shaman (Depths:1)
  A death yak (Lair:2)
  4 dancing weapons (Elf:2)
  3 vampire magi
  A sun demon (Hell)
  A shock serpent (Snake:3)
  2 naga sharpshooters (Snake:4)
  5 skysharks
  2 soul eaters (D:13)
  3 wretched stars (Abyss:3)
  An iron troll (Depths:1)
  2 skeletal warriors
  A glowing orange brain (Abyss:2)
  8 deep trolls
  A salamander mystic (Snake:2)
  3 sea snakes
  A flayed ghost (Hell)
  A naga ritualist (Snake:3)
  4 harpies
  A deep elf archer (Elf:2)
  A tengu zombie (Vaults:1)
  2 ironbound convokers
  3 deep elf zephyrmancers
  A deep elf pyromancer (Elf:2)
  2 manticores (Shoals:1)
  A mana viper (Snake:2)
  2 phantasmal warriors
  4 fauns
  An orc sorcerer (Orc:2)
  6 salamanders
  A moth of wrath (Zot:5)
  A tengu skeleton (Zig:7)
  A salamander (shapeshifter) (D:14)
  2 cyclopes
  7 ugly things
  5 elephants
  A guardian serpent (Snake:4)
  4 naga magi
  12 black mambas
  A merfolk siren (Shoals:2)
  An apocalypse crab (Zig:3)
  2 water nymphs
  An elf skeleton (Vaults:1)
  3 vault sentinels
  A cane toad (Lair:1)
  2 large abominations (Abyss:2)
  2 orange demons
  An efreet (Abyss:3)
  2 komodo dragons
  A freezing wraith (D:14)
  4 yaktaurs
  An ice devil (D:13)
  A red devil (D:13)
  4 merfolk
  A polar bear (Lair:5)
  A raiju (Abyss:2)
  5 dream sheep
  2 wind drakes
  3 snapping turtles
  4 blink frogs
  22 slime creatures
  3 flying skulls
  An ushabti (Zig:7)
  3 wraiths
  9 yaks
  A golden eye (shapeshifter) (Elf:1)
  A basilisk (Lair:1)
  5 water elementals
  A steam dragon (D:8)
  2 chaos spawn
  12 nagas
  A warg (Orc:1)
  4 water moccasins
  An ice beast (shapeshifter) (Vaults:4)
  3 small abominations
  An ogre (D:15)
  2 wolves
  A centaur (D:8)
  A kobold brigand (D:9)
  A necrophage (Crypt:2)
  An earth elemental (Elf:1)
  2 killer bees
  A howler monkey (shapeshifter) (Vaults:5)
  A howler monkey (D:11)
  4 jellies
  A sleepcap (D:8)
  5 starcursed masses
  11 orc wizards (Orc:2)
  2 lightning spires (Zot:3)
  3 mummies
  2 ufetubi (Abyss:3)
  12 orcs
  2 kobolds (D:9)
  A butterfly (Lair:3)
  A fire vortex (Hell)
  A lurking horror (Abyss:3)
  A spectral weapon (Elf:1)
387 creatures vanquished.

Vanquished Creatures (others)
  A quicksilver dragon (Zot:5)
  A draconian shifter (Zot:1)
  A war gargoyle (Hell)
  A black draconian (Zot:3)
  A white draconian (Zot:1)
  A sun demon (Hell)
  A deep elf knight (Elf:3)
  A deep elf archer (Elf:1)
  2 deep elf pyromancers (Elf:2)
  A black mamba (Snake:4)
  A large abomination (D:7)
  3 hell rats (Hell)
  54 hexers
  5 ball lightnings (Zot:3)
  A fire vortex (Hell)
  4 starspawn tentacles
79 creatures vanquished.

Grand Total: 2583 creatures vanquished

Notes
Turn   | Place    | Note
-------+----------+-------------------------------------------
     0 | D:1      | Zonian the Armataur Fighter began the quest for the Orb.
     0 | D:1      | Reached XP level 1. HP: 19/19 MP: 1/1
    11 | D:1      | Found Oqolajek's Book Shop.
   236 | D:1      | Reached XP level 2. HP: 26/26 MP: 2/2
   653 | D:2      | Reached skill level 3 in Fighting
   653 | D:2      | Reached XP level 3. HP: 33/33 MP: 3/3
  1283 | D:3      | Noticed Sigmund
  1289 | D:3      | Killed Sigmund
  1290 | D:3      | Reached XP level 4. HP: 42/42 MP: 4/4
  1290 | D:3      | Reached XP level 5. HP: 49/49 MP: 5/5
  1508 | D:3      | Noticed an ogre
  2070 | D:3      | Reached skill level 5 in Armour
  2071 | D:3      | Found a faded altar of an unknown god.
  2099 | D:3      | Noticed Robin
  2124 | D:3      | Killed Robin
  2271 | D:3      | Reached XP level 6. HP: 40/55 MP: 6/6
  2582 | D:4      | Reached skill level 4 in Fighting
  2630 | D:4      | Reached skill level 5 in Shields
  2797 | D:4      | Noticed Ijyb
  2973 | D:4      | Killed Ijyb
  3173 | D:4      | Reached XP level 7. HP: 64/64 MP: 7/7
  3285 | D:4      | Found a hazy altar of Hepliaklqana.
  3309 | D:4      | Became a worshipper of Hepliaklqana the Forgotten
  3345 | D:5      | Entered Level 5 of the Dungeon
  3509 | D:5      | Reached skill level 5 in Fighting
  3828 | D:5      | Reached skill level 5 in Maces & Flails
  3903 | D:5      | Reached XP level 8. HP: 73/73 MP: 8/8
  4176 | D:5      | Reached * piety under Hepliaklqana
  4272 | D:5      | Noticed Blork the orc
  4285 | D:5      | Killed Blork the orc
  5043 | D:6      | Reached skill level 6 in Fighting
  5651 | D:7      | Reached skill level 7 in Fighting
  5651 | D:7      | Found a runed translucent door.
  5651 | D:7      | Found a shimmering altar of Xom.
  5651 | D:7      | Noticed Frenzy's ghost (novice KoCj)
  5652 | D:7      | Noticed a +0 dagger of chaos
  5742 | D:7      | Reached XP level 9. HP: 76/76 MP: 9/9
  6030 | D:7      | Reached ** piety under Hepliaklqana
  6166 | D:7      | Found a staircase to the Ecumenical Temple.
  6173 | D:7      | Got the Parchment of the Invisible Stories
  6441 | D:7      | Remembered your ancestor ABRACADABRA!! as a hexer
  6477 | D:8      | Found a staircase to the Lair.
  6478 | D:8      | Noticed a komodo dragon
  6657 | D:8      | Noticed a green ugly thing
  6679 | D:8      | Killed a green ugly thing
  6680 | D:8      | Reached skill level 8 in Fighting
  6923 | D:8      | Noticed a troll
  6927 | D:8      | Killed a troll
  7060 | D:8      | Noticed a manticore
  7068 | D:8      | Killed a manticore
  7069 | D:8      | Reached skill level 9 in Fighting
  7069 | D:8      | Reached XP level 10. HP: 29/88 MP: 10/10
  7920 | Lair:1   | Entered Level 1 of the Lair of Beasts
  7976 | Lair:1   | Reached skill level 10 in Fighting
  8183 | Lair:1   | Noticed a cane toad
  8369 | Lair:1   | Killed a cane toad
  8370 | Lair:1   | Reached skill level 10 in Maces & Flails
  8441 | Lair:1   | Noticed a black mamba
  8454 | Lair:1   | Killed a black mamba
  8729 | Lair:1   | Noticed a cane toad
  8744 | Lair:1   | Killed a cane toad
  9018 | Lair:1   | Reached XP level 11. HP: 65/97 MP: 11/11
  9333 | Lair:1   | Reached skill level 11 in Fighting
  9581 | Lair:2   | Reached *** piety under Hepliaklqana
 10907 | Lair:2   | Reached skill level 12 in Fighting
 10943 | Lair:2   | Found a staircase to the Snake Pit.
 11251 | Lair:2   | Identified the +7 rapier of the Median {flame, rF- rN++
                  | rCorr Dex+3}
 11594 | Lair:2   | Noticed a death yak
 11596 | Lair:2   | Noticed a death yak
 11597 | Lair:2   | Noticed a death yak
 11611 | Lair:2   | Killed a death yak
 11611 | Lair:2   | Killed a death yak
 11619 | Lair:2   | Killed a death yak
 11620 | Lair:2   | Reached skill level 13 in Fighting
 11620 | Lair:2   | Reached XP level 12. HP: 87/111 MP: 12/12
 11650 | Lair:2   | Noticed Sonja
 11678 | Lair:2   | Killed Sonja
 11974 | Lair:3   | Found a staircase to the Shoals.
 12014 | Lair:3   | Noticed Amaemon
 12021 | Lair:3   | Reached skill level 1 in Stealth
 12031 | Lair:3   | Killed Amaemon
 12032 | Lair:3   | Reached skill level 1 in Invocations
 12122 | Lair:3   | Reached **** piety under Hepliaklqana
 12346 | Lair:3   | Noticed a catoblepas
 12356 | Lair:3   | Killed a catoblepas
 12509 | Lair:3   | Noticed Nergalle
 12520 | Lair:3   | Killed Nergalle
 12982 | Lair:4   | Reached skill level 5 in Stealth
 13042 | Lair:4   | Reached skill level 5 in Invocations
 13114 | Lair:4   | Reached skill level 14 in Fighting
 13119 | Lair:4   | Found a staircase to the Slime Pits.
 13329 | Lair:4   | Reached XP level 13. HP: 72/120 MP: 17/17
 13802 | Lair:4   | Reached ***** piety under Hepliaklqana
 14255 | Lair:5   | Entered Level 5 of the Lair of Beasts
 15567 | Lair:5   | Reached skill level 15 in Fighting
 15968 | Lair:5   | Paralysed by a hornet for 2 turns
 16110 | Lair:5   | Paralysed by a hornet for 2 turns
 16128 | Lair:5   | Identified the +1 trident of Wu Jian's Outrage {vamp, Int+7
                  | Stlth-}
 16153 | Lair:5   | Reached skill level 16 in Fighting
 16201 | Lair:5   | Reached XP level 14. HP: 64/132 MP: 20/20
 16929 | Lair:5   | Reached skill level 1 in Evocations
 17688 | D:9      | Reached skill level 1 in Throwing
 17847 | D:9      | Found a stormy altar of Qazlal.
 17847 | D:9      | Found an ancient bone altar of Kikubaaqudgha.
 18167 | D:10     | Entered Level 10 of the Dungeon
 18261 | D:10     | Found a shimmering blue altar of Sif Muna.
 18431 | D:10     | Found a broken altar of Ashenzari.
 18572 | D:10     | Noticed Urug
 18598 | D:10     | Killed Urug
 20137 | D:12     | Found Zanoheff's Weapon Shop.
 20137 | D:12     | Found a staircase to the Orcish Mines.
 20572 | D:12     | Reached skill level 17 in Fighting
 20777 | D:12     | Identified the amulet "Ojunytzo" {rN+ Regen+}
 21489 | D:13     | Found a gate to the Vaults.
 22386 | D:13     | Reached skill level 5 in Evocations
 23711 | D:14     | Found a blossoming altar of Fedhas.
 23928 | D:14     | Reached XP level 15. HP: 141/142 MP: 16/21
 24599 | D:15     | Entered Level 15 of the Dungeon
 24869 | D:15     | Noticed Josephine
 24885 | D:15     | Killed Josephine
 25028 | D:15     | Found a staircase to the Depths.
 25443 | D:15     | Reached skill level 10 in Armour
 25929 | Orc:1    | Entered Level 1 of the Orcish Mines
 26087 | Orc:2    | Entered Level 2 of the Orcish Mines
 26134 | Orc:2    | Found a staircase to the Elven Halls.
 26379 | Orc:2    | Reached skill level 18 in Fighting
 26548 | Orc:2    | Noticed Nessos
 26565 | Orc:2    | Killed Nessos
 26599 | Orc:2    | Found an ancient bone altar of Kikubaaqudgha.
 26611 | Orc:2    | Found Deresti's Book Emporium.
 26641 | Orc:2    | Bought a book of Spatial Translocations for 198 gold pieces
 26644 | Orc:2    | Learned a level 2 spell: Blink
 26648 | Orc:2    | Found a radiant altar of Vehumet.
 26648 | Orc:2    | Noticed Erolcha
 26664 | Orc:2    | Killed Erolcha
 26736 | Orc:2    | Found Vitisac's Magic Scroll Emporium.
 26736 | Orc:2    | Found Hitye's Jewellery Shoppe.
 26759 | Orc:2    | Paralysed by an orc sorcerer for 4 turns
 26771 | Orc:2    | Bought a +4 ring of protection for 396 gold pieces
 26789 | Orc:2    | Bought a scroll of fog for 68 gold pieces
 26789 | Orc:2    | Bought a scroll of teleportation for 51 gold pieces
 26789 | Orc:2    | Bought a scroll of blinking for 127 gold pieces
 26842 | Orc:2    | Found Heudayr's Antique Weapon Shoppe.
 26849 | Orc:2    | Bought a twisted morningstar for 279 gold pieces
 26849 | Orc:2    | Identified the +2 morningstar of Prudence {flame, rC+ rN+}
                  | (You bought it in a shop on level 2 of the Orcish Mines)
 27148 | Snake:1  | Entered Level 1 of the Snake Pit
 27169 | Snake:1  | Reached skill level 1 in Translocations
 28418 | Snake:2  | Reached XP level 16. HP: 138/154 MP: 22/22
 28665 | Snake:2  | Found Buteap's Book Emporium.
 28667 | Snake:2  | Found Loffunko's Antique Armour Shoppe.
 28669 | Snake:2  | Found Qoenwaet's Magic Scroll Emporium.
 28679 | Snake:2  | Bought a glowing cloak for 300 gold pieces
 28681 | Snake:2  | Bought a scroll of teleportation for 45 gold pieces
 28681 | Snake:2  | Bought a scroll of fear for 60 gold pieces
 28683 | Snake:2  | Bought an embroidered scarf for 320 gold pieces
 28877 | Snake:2  | Reached ****** piety under Hepliaklqana
 28917 | Snake:2  | Identified the +2 robe "Huwko" {Rampage rPois rN+ Int+3}
 30235 | Snake:3  | Noticed Mlioglotl
 30244 | Snake:3  | Noticed an Executioner
 30703 | Snake:2  | Killed Mlioglotl
 30704 | Snake:2  | Reached skill level 5 in Translocations
 31189 | Snake:3  | Reached skill level 10 in Shields
 31750 | Snake:4  | Entered Level 4 of the Snake Pit
 31753 | Snake:4  | Found Zito's Antique Armour Boutique.
 31769 | Snake:4  | Found Kexahais's Antique Weapon Boutique.
 31856 | Snake:4  | Reached skill level 19 in Fighting
 32050 | Snake:4  | Found Anessomm's Book Emporium.
 32349 | Snake:4  | Found Loink's Magic Scroll Boutique.
 32586 | Snake:4  | Bought a scroll of blinking for 127 gold pieces
 32586 | Snake:4  | Bought a scroll of blinking for 127 gold pieces
 32638 | Snake:4  | Reached skill level 1 in Spellcasting
 32647 | Snake:4  | Reached XP level 17. HP: 162/162 MP: 23/23
 32948 | Snake:4  | Found Ejuirghim's Assorted Antiques.
 32956 | Snake:4  | Bought a scroll labelled TAG QEOTUHO for 38 gold pieces
 32956 | Snake:4  | Bought a potion of curing for 114 gold pieces
 32956 | Snake:4  | Bought 2 scrolls labelled TAG QEOTUHO for 76 gold pieces
 33517 | Snake:4  | Noticed a quicksilver dragon
 33517 | Snake:4  | Noticed a quicksilver dragon
 33675 | Snake:4  | Killed a quicksilver dragon
 33706 | Snake:4  | Killed a quicksilver dragon
 33731 | Snake:4  | Got a serpentine rune of Zot
 33989 | Shoals:1 | Entered Level 1 of the Shoals
 34389 | Shoals:1 | Noticed Jorgrun
 34398 | Shoals:1 | Killed Jorgrun
 35181 | Shoals:2 | Learned a level 1 spell: Apportation
 35184 | Shoals:2 | Found Faerocs's Book Boutique.
 35311 | Shoals:2 | Learned a level 2 spell: Lesser Beckoning
 35316 | Shoals:2 | Learned a level 4 spell: Manifold Assault
 35700 | Shoals:2 | Found Saskaeskua's General Store.
 35732 | Shoals:2 | Found Uriadeidgh's Assorted Antiques.
 35733 | Shoals:2 | Bought a potion of heal wounds for 85 gold pieces
 35733 | Shoals:2 | Bought 2 potions of curing for 102 gold pieces
 35805 | Shoals:2 | Noticed Ilsuiw
 35836 | Shoals:2 | Killed Ilsuiw
 35996 | Shoals:2 | Found Ynuwn's Magic Scroll Shoppe.
 36005 | Shoals:2 | Bought a scroll of blinking for 82 gold pieces
 36016 | Shoals:2 | Reached XP level 18. HP: 164/172 MP: 24/24
 36118 | Shoals:2 | Found Jituah's Weapon Shoppe.
 36497 | Shoals:3 | Found Hozorida's Weapon Shop.
 36562 | Shoals:3 | Found Torein Olila's Jewellery Boutique.
 36563 | Shoals:3 | Identified a scroll of acquirement
 36588 | Shoals:3 | Acquired a +1 barding of fire resistance
 36680 | Shoals:3 | Reached skill level 5 in Spellcasting
 36680 | Shoals:3 | Reached skill level 10 in Translocations
 36684 | Shoals:3 | Got the Atlas of Atmospheric Power
 36880 | Shoals:3 | Reached skill level 20 in Fighting
 37087 | Shoals:4 | Entered Level 4 of the Shoals
 37398 | Shoals:4 | Found Pezaefuf's Antique Weapon Shoppe.
 37449 | Shoals:4 | Reached skill level 15 in Maces & Flails
 37477 | Shoals:4 | Identified the ring "Valam" {Contam Will+ rCorr Dex+6}
 38074 | Shoals:4 | Got a barnacled rune of Zot
 38395 | Elf:1    | Entered Level 1 of the Elven Halls
 38557 | Elf:1    | Found a portal to a secret trove of treasure.
 38692 | Elf:1    | Found an ancient bone altar of Kikubaaqudgha.
 38734 | Elf:1    | Noticed Zenata
 38755 | Elf:1    | Killed Zenata
 39144 | Elf:1    | Identified the +6 great sword "Halatura" {heavy, rElec
                  | rPois rF- SInv}
 39830 | Elf:2    | Reached skill level 10 in Invocations
 39853 | Elf:2    | Paralysed by an air elemental for 1 turns
 39903 | Elf:2    | Reached XP level 19. HP: 82/181 MP: 28/28
 40476 | Elf:2    | Found a huge runed translucent gate.
 40476 | Elf:2    | Found a huge runed translucent gate.
 40476 | Elf:2    | Found a huge runed translucent gate.
 40476 | Elf:2    | Found a huge runed translucent gate.
 40476 | Elf:2    | Found a huge runed translucent gate.
 40574 | Elf:2    | Paralysed by an air elemental for 1 turns
 40872 | Elf:3    | Entered Level 3 of the Elven Halls
 42018 | Elf:3    | Noticed a Brimstone Fiend
 42259 | Elf:3    | Identified the +10 quarterstaff of Yqiamoiwir {flame,
                  | +Blink rCorr}
 42259 | Elf:3    | Identified the ring "Cotuleacku" {Fly Will+}
 42372 | Elf:3    | Identified the staff of earth "Konuab" {rC- Str+2 Dex+4
                  | SInv}
 42374 | Elf:3    | Identified the amulet "Asicul" {RegenMP Harm rN+ Regen+}
 42602 | Elf:3    | Identified the ring "Rucsedio" {Int+2 Slay+2 SInv}
 42602 | Elf:3    | Identified the +3 hand axe of Xom, Thieving {venom, rPois
                  | rF++ Dex-5}
 42624 | Elf:3    | Identified the staff of cold "Qumiutad" {rC+ Will- rCorr
                  | Str+9 Int-2}
 42627 | Elf:3    | Got the Cyclopedia of Locality and Burning
 42637 | Elf:3    | Identified the +10 plate armour "Deir" {Int+3}
 42644 | Elf:3    | Got the Excursus on Embers
 42652 | Elf:3    | Got Ylab's Verses on Metallic Venin
 42654 | Elf:3    | Identified the +1 pair of boots "Gypsop" {Regen+ Stlth+}
 42676 | Elf:3    | Identified the +14 plate armour of Circular Logic {+Blink}
 43428 | Snake:2  | Bought a scroll of enchant weapon for 112 gold pieces
 43490 | Snake:4  | Bought a scroll of enchant weapon for 285 gold pieces
 43647 | Shoals:2 | Bought a scroll of teleportation for 33 gold pieces
 43781 | Snake:4  | Bought a scroll of teleportation for 51 gold pieces
 44053 | Vaults:1 | Entered Level 1 of the Vaults
 44067 | Vaults:1 | Learned a level 3 spell: Vhi's Electric Charge
 44373 | Vaults:1 | Reached skill level 1 in Air Magic
 45874 | Vaults:2 | Reached skill level 21 in Fighting
 45874 | Vaults:2 | Reached XP level 20. HP: 177/192 MP: 29/32
 47298 | Vaults:2 | Noticed a golden dragon
 47300 | Vaults:2 | Noticed a dread lich
 47307 | Vaults:2 | Killed a golden dragon
 47702 | Vaults:2 | Found a staircase to the Crypt.
 47702 | Vaults:2 | Found an ancient bone altar of Kikubaaqudgha.
 47703 | Vaults:2 | Found a basalt altar of Yredelemnul.
 48211 | Vaults:2 | Identified the +0 robe of the Beekeeper {rElec rPois}
 48382 | Vaults:2 | Reached skill level 5 in Air Magic
 48457 | Vaults:2 | Identified the +0 broad axe of Courage {freeze, rF+ Str+4
                  | Int+2}
 48582 | Vaults:2 | Paralysed by a dread lich for 3 turns
 48594 | Vaults:2 | Killed a dread lich
 48835 | Vaults:2 | Learned a level 4 spell: Passage of Golubria
 50687 | Vaults:3 | Reached XP level 21. HP: 186/198 MP: 32/34
 52037 | Vaults:4 | Reached skill level 10 in Spellcasting
 52041 | Vaults:4 | Learned a level 3 spell: Swiftness
 52048 | Vaults:4 | Learned a level 6 spell: Dispersal
 53661 | Vaults:4 | Identified the ring "Ryapriuj" {rF- Will+ Str+6 Int+7}
 54330 | D:7      | Killed Frenzy's ghost
 54953 | Vaults:5 | Entered Level 5 of the Vaults
 55800 | Vaults:5 | Noticed an ancient lich
 55806 | Vaults:5 | Reached skill level 22 in Fighting
 56061 | Vaults:5 | Got the Textbook on Translocation
 56724 | Vaults:5 | Identified the +10 great sword of Duohec {spect, Will+}
 56738 | Vaults:5 | Reached XP level 22. HP: 54/208 MP: 8/36
 56828 | Vaults:5 | Reached skill level 15 in Translocations
 57022 | Vaults:5 | Found Duclot's Antique Armour Emporium.
 57355 | Vaults:5 | Identified the +9 glaive "Cutriw" {drain, Int+4}
 57373 | Vaults:5 | Reached skill level 10 in Stealth
 57542 | Vaults:5 | Acquired the +5 eveningstar of Causality {flame, rElec rC++
                  | Will- rCorr}
 57556 | Vaults:5 | Acquired the ring "Roassale" {rElec rPois Str+3 Slay+4}
 57661 | Vaults:5 | Identified the +8 arbalest of Moral Flaws {penet, rC++
                  | Int+3 Dex+2}
 57679 | Vaults:5 | Found Pofymuz's Assorted Antiques.
 57687 | Vaults:5 | Bought a scroll of fog for 96 gold pieces
 57687 | Vaults:5 | Bought a scroll of fear for 96 gold pieces
 57757 | Vaults:5 | Killed an ancient lich
 58115 | Vaults:5 | Got a silver rune of Zot
 58640 | Depths:1 | Entered Level 1 of the Depths
 58869 | Depths:1 | Found a one-way gate leading to the halls of Pandemonium.
 59240 | Depths:1 | Noticed Asterion
 59247 | Depths:1 | Killed Asterion
 59361 | Depths:1 | Found Plog's Book Shop.
 59361 | Depths:1 | Found Gaot's Jewellery Emporium.
 59361 | Depths:1 | Found Zuonuw's Jewellery Emporium.
 59463 | Depths:1 | Found a stormy altar of Qazlal.
 59613 | Depths:1 | Reached skill level 15 in Invocations
 59829 | Depths:1 | Found a gateway to Hell.
 60022 | Depths:2 | Reached skill level 23 in Fighting
 60133 | Depths:2 | Identified the +8 spear of the Endless Olives {heavy,
                  | +Blink Str+5 Dex+3}
 61474 | Depths:2 | Noticed a golden dragon
 61482 | Depths:2 | Killed a golden dragon
 61620 | Depths:2 | Reached XP level 23. HP: 215/220 MP: 38/38
 61813 | Depths:2 | Identified the staff of poison "Cuosiuhy" {rElec rPois}
 61834 | Depths:2 | Found a white marble altar of Elyvilon.
 62815 | Abyss:2  | Cast into level 2 of the Abyss (chaos spawn)
 63028 | Abyss:2  | Paralysed by accursed screaming for 1 turns
 63265 | Depths:3 | Escaped the Abyss
 63582 | Depths:3 | Identified the +10 falchion "Atiwout" {venom, rCorr}
 63605 | Depths:3 | Found a one-way gateway to a ziggurat.
 64005 | Depths:3 | Reached skill level 24 in Fighting
 64102 | Depths:3 | Reached skill level 1 in Conjurations
 64281 | Depths:3 | Found a one-way gate to the infinite horrors of the Abyss.
 64497 | Depths:4 | Entered Level 4 of the Depths
 65117 | Depths:4 | Found a gate to the Realm of Zot.
 65146 | Depths:4 | Reached skill level 5 in Conjurations
 65350 | Depths:4 | Identified the ring "Cawaptyz" {*Slow rC+++ Will- AC+4
                  | Int+6}
 66818 | Crypt:1  | Entered Level 1 of the Crypt
 66863 | Crypt:1  | Found a transporter.
 67310 | Crypt:1  | Found a magical portal.
 67393 | Crypt:1  | Found a transporter.
 67719 | Crypt:1  | Noticed a dread lich
 67722 | Crypt:1  | Noticed an ancient lich
 68262 | Crypt:2  | Reached XP level 24. HP: 231/231 MP: 41/41
 69200 | Crypt:2  | Noticed Frederick
 69212 | Crypt:2  | Killed Frederick
 70085 | Crypt:2  | Learned a level 4 spell: Iskenderun's Mystic Blast
 70114 | Crypt:3  | Entered Level 3 of the Crypt
 70154 | Crypt:3  | Found a basalt altar of Yredelemnul.
 70157 | Crypt:3  | Found an ancient bone altar of Kikubaaqudgha.
 70979 | Crypt:3  | Identified the amulet of Xunu {Faith Str+2}
 71002 | Crypt:3  | Reached skill level 15 in Armour
 71375 | Crypt:3  | Found the +5 scythe "Finisher" {speed, execute}
 71444 | Crypt:3  | Identified the ring of Yffueporre {rN+ Str+5}
 71863 | Crypt:3  | Found a staircase to the Tomb.
 72015 | Crypt:3  | Learned a level 5 spell: Summon Forest
 72340 | Zot:1    | Entered Level 1 of the Realm of Zot
 72700 | Slime:1  | Entered Level 1 of the Pits of Slime
 72742 | Slime:1  | Reached skill level 1 in Summonings
 72746 | Slime:1  | Gained mutation: Your body sometimes deteriorates upon
                  | taking damage. [a shining eye]
 73015 | Slime:2  | Gained mutation: You are dopey. (Int -2) [a shining eye]
 73026 | Slime:3  | Paralysed by a floating eye for 4 turns
 73569 | Slime:5  | Entered Level 5 of the Pits of Slime
 73579 | Slime:5  | Reached skill level 5 in Throwing
 74426 | Slime:5  | Noticed the Royal Jelly
 74448 | Slime:5  | Found a viscous altar of Jiyva.
 74464 | Slime:5  | Killed the Royal Jelly
 74465 | Slime:5  | Reached XP level 25. HP: 156/239 MP: 24/41
 74807 | Slime:5  | Identified the +1 robe of the Pit {rPois Dex+3}
 74833 | Slime:5  | Identified the +9 falchion "Xewnuug" {speed, *Noise rF+
                  | rC+}
 74840 | Slime:5  | Identified the staff of fire "Kuthugu" {rPois rF+ Int+2}
 74861 | Slime:5  | Got Sif Muna's Tome of Sciomancy and the Missiles
 74875 | Slime:5  | Got a slimy rune of Zot
 74885 | Slime:5  | Identified the +0 scale mail of Beyond {rN+ Will+ Dex-3
                  | Stlth+}
 74927 | Slime:5  | Identified the staff of poison "Judaescho" {*Corrode Fly
                  | rPois rN+}
 75333 | Slime:2  | Gained mutation: Your magical capacity is low. (-10% MP) [a
                  | shining eye]
 75999 | Elf:2    | Reached skill level 5 in Summonings
 76423 | Abyss:3  | Cast into level 3 of the Abyss (+3 hand axe of distortion)
 76606 | Abyss:3  | Found a corrupted altar of Lugonu.
 76659 | Abyss:3  | Reached skill level 10 in Evocations
 76979 | Elf:2    | Escaped the Abyss
 77910 | Zot:1    | Reached skill level 15 in Spellcasting
 78222 | Zot:1    | Found the +4 dragonskin cloak
 78222 | Zot:1    | Noticed Tiamat
 78239 | Zot:1    | Noticed Parghit
 78289 | Zot:1    | HP: 2/239 [Parghit/large rock (22)]
 78975 | Zot:1    | Killed Parghit
 79845 | Orc:2    | Bought a scroll of enchant armour for 127 gold pieces
 81236 | Zot:1    | Killed Tiamat
 83379 | Vaults:5 | Bought a scroll of enchant weapon for 180 gold pieces
 83380 | Vaults:5 | Bought a fine mace for 192 gold pieces
 83380 | Vaults:5 | Identified the +8 mace of the Parsimonious God {venom,
                  | +Blink Dex+2} (You bought it in a shop on level 5 of the
                  | Vaults)
 83793 | Zig:1    | Entered Level 1 of a ziggurat
 83795 | Zig:1    | Noticed a Killer Klown
 83801 | Zig:1    | Noticed a Killer Klown
 83832 | Zig:1    | Killed a Killer Klown
 84152 | Zig:1    | Identified the staff of poison "Akujent" {+Blink rElec
                  | rPois Str+5 Int-3}
 84275 | Zig:2    | Entered Level 2 of a ziggurat
 84316 | Zig:3    | Entered Level 3 of a ziggurat
 84331 | Zig:3    | Paralysed by accursed screaming for 1 turns
 84358 | Zig:3    | Identified the +5 leather armour "Gewomet" {rElec Int+5
                  | Dex-3 Stlth-}
 84642 | Zig:4    | Entered Level 4 of a ziggurat
 84644 | Zig:4    | Noticed an ancient lich
 84656 | Zig:4    | Killed an ancient lich
 84813 | Zig:4    | Identified the +0 pair of boots of Ornamental Brilliance
                  | {Fly rF+ rCorr Dex-2}
 84832 | Zig:5    | Entered Level 5 of a ziggurat
 84875 | Zig:5    | Identified the +8 chain mail of Xom {Harm rC- Dex+8}
 85160 | Zig:6    | Entered Level 6 of a ziggurat
 85167 | Zig:6    | Paralysed by a wendigo for 1 turns
 85174 | Zig:6    | Paralysed by a wendigo for 1 turns
 85190 | Zig:6    | Paralysed by a wendigo for 1 turns
 85405 | Zig:6    | Identified the staff of conjuration "Humaax" {*Slow Str+7}
 85433 | Zig:7    | Entered Level 7 of a ziggurat
 85438 | Zig:7    | Noticed a royal mummy
 85451 | Zig:7    | Killed a royal mummy
 85901 | Zig:7    | Reached skill level 25 in Fighting
 85901 | Zig:7    | Reached XP level 26. HP: 250/250 MP: 38/38
 85901 | Zig:7    | Reached XP level 27. HP: 258/258 MP: 38/38
 85978 | Hell     | Entered the Vestibule of Hell
 85978 | Hell     | Noticed Geryon
 86445 | Hell     | Killed Geryon
 86472 | Hell     | Found a gateway to the Iron City of Dis.
 86477 | Hell     | HP: 4/258 [hellion/damnation (27)]
 86984 | Hell     | Reached skill level 10 in Conjurations
 87213 | Hell     | Found a gateway to the ashen valley of Gehenna.
 87796 | Hell     | Found a gateway to the decaying netherworld of Tartarus.
 87853 | Hell     | Found a gateway to the freezing wastes of Cocytus.
 88417 | Shoals:2 | Bought a tin of tremorstones (2/2) for 1240 gold pieces
 88417 | Shoals:2 | Bought a potion of haste for 310 gold pieces
 88417 | Shoals:2 | Bought a scroll of teleportation for 93 gold pieces
 88542 | Snake:4  | Bought a scroll of teleportation for 51 gold pieces
 88542 | Snake:4  | Lost mutation: You are dopey. (Int -2) [potion of mutation]
 88542 | Snake:4  | Lost mutation: Your magical capacity is low. (-10% MP)
                  | [potion of mutation]
 88542 | Snake:4  | Lost mutation: Your body sometimes deteriorates upon taking
                  | damage. [potion of mutation]
 88542 | Snake:4  | Gained mutation: You are robust. (+10% HP) [potion of
                  | mutation]
 88542 | Snake:4  | Gained mutation: You are clumsy. (Dex -2) [potion of
                  | mutation]
 88542 | Snake:4  | Gained mutation: You are covered in fur. (AC +1) [potion of
                  | mutation]
 90752 | Zot:2    | Noticed an orb of fire
 90754 | Zot:2    | Found a transporter.
 90755 | Zot:2    | Found a transporter.
 90760 | Zot:2    | Noticed an orb of fire
 90788 | Zot:2    | Noticed a dread lich
 91651 | Zot:3    | Reached skill level 15 in Conjurations
 93333 | Zot:4    | Learned a level 5 spell: Iskenderun's Battlesphere
 93640 | Zot:4    | Noticed a dread lich
 93650 | Zot:4    | Killed a dread lich
 94395 | Zot:4    | Identified the staff of death "Ismisira" {rElec rN+ Int+3}
 94777 | Zot:5    | Entered Level 5 of the Realm of Zot
 95188 | Zot:5    | Noticed an orb of fire
 95188 | Zot:5    | Gained mutation: You do not regenerate when monsters are
                  | visible. [an orb of fire]
 95198 | Zot:5    | Gained mutation: You occasionally shout uncontrollably at
                  | your foes. [an orb of fire]
 95203 | Zot:5    | Gained mutation: Your body sometimes deteriorates upon
                  | taking damage. [an orb of fire]
 95208 | Zot:5    | Killed an orb of fire
 95380 | Zot:5    | Gained mutation: You are dopey. (Int -2) [mutagenic glow]
 95398 | Zot:5    | Lost mutation: You are robust. (+10% HP) [mutagenic glow]
 95873 | Zot:5    | Noticed a dread lich
 95880 | Zot:5    | Noticed an ancient lich
 95884 | Zot:5    | Killed a dread lich
 96474 | Depths:3 | Lost mutation: You are dopey. (Int -2) [potion of mutation]
 96474 | Depths:3 | Lost mutation: You occasionally shout uncontrollably at
                  | your foes. [potion of mutation]
 96474 | Depths:3 | Lost mutation: You do not regenerate when monsters are
                  | visible. [potion of mutation]
 96474 | Depths:3 | Lost mutation: You are covered in fur. (AC +1) [potion of
                  | mutation]
 96474 | Depths:3 | Lost mutation: You are clumsy. (Dex -2) [potion of
                  | mutation]
 96474 | Depths:3 | Lost mutation: Your body sometimes deteriorates upon taking
                  | damage. [potion of mutation]
 96474 | Depths:3 | Gained mutation: You are vulnerable to cold. (rC-) [potion
                  | of mutation]
 96474 | Depths:3 | Gained mutation: You expend magic power (3 MP) to
                  | strengthen your wands. [potion of mutation]
 96474 | Depths:3 | Gained mutation: You have hidden genetic defects. [potion
                  | of mutation]
 96474 | Depths:3 | Gained mutation: You have a pair of small horns on your
                  | head. [potion of mutation]
 96474 | Depths:3 | Gained mutation: Your natural rate of healing is unusually
                  | fast. [potion of mutation]
 96710 | Zot:5    | Noticed an orb of fire
 96717 | Zot:5    | Noticed an orb of fire
 96736 | Zot:5    | Gained mutation: You are clumsy. (Dex -2) [an orb of fire]
 96743 | Zot:5    | Gained mutation: Your magical capacity is low. (-10% MP)
                  | [an orb of fire]
 97014 | Zot:5    | Gained mutation: You are very vulnerable to cold. (rC--)
                  | [an orb of fire]
 97105 | Zot:5    | Gained mutation: You sometimes lose your temper in combat.
                  | [an orb of fire]
 97116 | Zot:5    | Killed an orb of fire
 97128 | Zot:5    | Killed an orb of fire
 97290 | Zot:5    | Noticed an orb of fire
 97299 | Zot:5    | Killed an orb of fire
 97536 | Zot:5    | Killed an ancient lich
 97600 | Zot:5    | Noticed an orb of fire
 97601 | Zot:5    | Gained mutation: You have an uncontrollable temper. [an orb
                  | of fire]
 97999 | Zot:5    | Gained mutation: Potions are less effective at restoring
                  | your health. [an orb of fire]
 98021 | Zot:5    | Killed an orb of fire
 98022 | Zot:5    | Reached skill level 10 in Summonings
 98115 | Zot:5    | Identified the +5 long sword of Evil {drain, Int+3}
 98141 | Zot:5    | Lost mutation: Your natural rate of healing is unusually
                  | fast. [hidden defects]
 98205 | Zot:5    | Got the Orb of Zot
 98548 | D:10     | Noticed Pilitiuthro the pandemonium lord
 98680 | D:7      | Noticed Foodosy the pandemonium lord
 98847 | D:$      | Escaped with the Orb!

Illustrated notes

Levels and vault maps discovered:
D:1:      minmay_arrival_stair_chambers, layout_loops_cross, serial_shops, shop
D:2:      layout_loops_ring, kennysheep_generic_room_2
D:3:      layout_loops_corners, shapermc_ecumenical_altar_petra, uniq_robin,
          uniq_sigmund
D:4:      layout_rooms, nicolae_hepliaklqana_monster_ancestors, uniq_ijyb
D:5:      black_bear_nest_2, layout_basic, hangedman_abyss_or_decor_stabs,
          nrook_campfire, nicolae_elevator_lobby_asterisk, uniq_blork_the_orc
D:6:      layout_gridville
D:7:      layout_basic, minmay_temple_entry_statues_fountains, ebering_ghost_xom
D:8:      minmay_diamond_stairs, layout_loops_ring, david_lair_shrubbed
D:9:      layout_basic, nicolae_overflow_two_pavilions, minmay_misc_feat_chi
D:10:     layout_gridville, evilmike_ruin_ashenzari, lemuel_blue_sif_altar,
          uniq_urug
D:11:     layout_long_grid
D:12:     layout_basic, orc_david_3
D:13:     layout_rooms, erik_vaults_1, serial_demonic, serial_demonic_d,
          serial_demonic_e, serial_demonic_d, serial_demonic_d,
          serial_demonic_c, serial_demonic_b, lemuel_nasty_fountain
D:14:     layout_long_grid, fedhas_altar_3
D:15:     grunt_enter_depths_hoard, layout_loops_ring, nicolae_two_hexagons,
          drop_trap, argonaut_gorgonesque, uniq_josephine
Lair:1:   layout_cave_pods, grunt_megastairs_2, lemuel_fruit_fields
Lair:2:   layout_layer_cave, minmay_snake_entry_guardpost_small, uniq_sonja
Lair:3:   layout_gridlike, shoals_dummy_entry, nicolae_quartered_pool_little,
          chequers_serial_rivers_small_a, grunt_megastairs_3,
          serial_bayou_shore_b, lemuel_fruit_fields, uniq_nergalle, uniq_amaemon
Lair:4:   layout_cave_shapes, slime_entry_1, chequers_serial_rivers_room_b,
          chequers_serial_rivers_small_3, grunt_megastairs_1
Lair:5:   gammafunk_lair_ancient_temple, layout_misc_corridors,
          nicolae_lair_yak_garden
Shoals:1: layout_shoals, uniq_jorgrun
Shoals:2: layout_shoals, serial_shops, nicolae_shop_window_shopping,
          shop_statue, nicolae_shop_bloodbath_and_beyond,
          nicolae_shop_hallway_stairs, nicolae_shop_hallway_plus, uniq_ilsuiw
Shoals:3: layout_shoals, serial_shops, shop, nicolae_lakefront_shop
Shoals:4: shoals_end_grunt_garden, layout_shoals, serial_shops, shop
Snake:1:  layout_basic, serial_curves, eino_curves_01, eino_curves_04,
          nicolae_snake_springs, serial_bayou_shore_a, lemuel_fruit_tree
Snake:2:  layout_chambers, minmay_shop_star, grunt_megastairs_4
Snake:3:  layout_rooms, uniq_mlioglotl
Snake:4:  hellmonk_snake_rune_quicksilver_temple, layout_rooms, serial_shops,
          nicolae_shop_tiny_waterfront, nicolae_shop_rolling_square, shop,
          nicolae_shop_trees, shop, serial_bayou_ford_a
Slime:1:  layout_caves, special_room [special_room_jelly]
Slime:2:  layout_caves, nicolae_slime_getting_an_eyeful
Slime:3:  layout_caves
Slime:4:  nicolae_slime_jelly_donut, layout_caves,
          cheibrodos_slime_lost_civilization_4
Slime:5
Orc:1:    layout_caves, uniq_erica, uniq_maurice
Orc:2:    kennysheep_orc_mage_school, layout_diamond_mine, uniq_nessos
Elf:1:    layout_geoelf_grid, enter_trove_0, basic_altar,
          hangedman_corner_corridor, uniq_zenata
Elf:2:    elven_hall_of_blades_hangedman_alternative
          [nicolae_blade_entry_area_security], layout_geoelf_octagon,
          grunt_ministairs_5, nicolae_concentric_dashed_squares_wild,
          minmay_misc_feat_ornament, item_on_display_a
Elf:3:    elf_hall, layout_geoelf_octagon
Vaults:1: nicolae_vaults_tangram_1, hangedman_vaults_nodes,
          nicolae_vaults_wine_cellar, nicolae_vaults_house_3,
          hangedman_vaults_trim, nicolae_vaults_enemy_cabinets,
          nicolae_vaults_trapezoid_1, nicolae_vaults_double_plus_2,
          nicolae_vaults_tetromino_T_1, layout_vaults_big_room
Vaults:2: v_misc_19, st_greater_box_1, ontoclasm_vaults_loading_screen,
          v_misc_3, minmay_crypt_entry_necro_gods,
          nicolae_vaults_little_squares_6, nicolae_vaults_surprise_closet,
          ontoclasm_vaults_shuriken, ontoclasm_vaults_idyll,
          nicolae_vaults_double_plus_1, v_misc_26, hangedman_vaults_river_flow,
          v_alt_pattern_2, nicolae_vaults_alarming,
          nicolae_vaults_little_squares_4, v_alt_pattern_1,
          ontoclasm_vaults_ring_small, layout_vaults_omnibox, serial_glass
Vaults:3: nicolae_vaults_octothorpe, nicolae_vaults_house_1,
          grunt_vaults_hallway_long, hangedman_vaults_stream,
          vaults_mumra_chevron_long, nicolae_vaults_big_ls,
          hangedman_vaults_slice, v_alt_pattern_4, nicolae_vaults_asterisk,
          vaults_mumra_minichess_inversion,
          nicolae_vaults_windows_and_doors_thing,
          ontoclasm_vaults_decontamination, nicolae_vaults_double_plus_3,
          vaults_room_pool, layout_vaults_omnicross
Vaults:4: st_octagons_1, ontoclasm_vaults_spin, hangedman_vaults_stitches,
          nicolae_vaults_circle_grid_b, nicolae_vaults_offset_grid_hallway_2,
          v_misc_1, ontoclasm_vaults_twist, nicolae_vaults_heist,
          layout_vaults_maze_snakey
Vaults:5
Crypt:1:  gammafunk_dig_for_victory, layout_misc_corridors, mu_enter_wizlab_3,
          grunt_crypt_arrival_split
Crypt:2:  layout_basic, uniq_frederick
Crypt:3:  lightli_unholy_cathedral, layout_chaotic_city,
          nicolae_tomb_entry_rubble_hallway, minmay_misc_feat_five
Depths:1: layout_roguey, hellmonk_bongcloud_opening, pf_coc_iceberg,
          grunt_pan_entry_zigzag, grunt_qazlal_clouds, minmay_shop_grove,
          uniq_asterion
Depths:2: minmay_the_grid_octo_tiled_squarecenter_mashed
          [minmay_the_grid_octo_toaster, minmay_the_grid_octo_clover_2,
          minmay_the_grid_octo_vomiting_pacman, minmay_the_grid_octo_concentric,
          minmay_the_grid_square_5x5_megaprize_diamond,
          minmay_the_grid_square_5x5_inner_i, minmay_the_grid_square_5x5_two,
          minmay_the_grid_square_5x5_gyroscope,
          minmay_the_grid_square_5x5_comb], layout_gridlike, hell_entry,
          nicolae_titane, pan_entry, infiniplex_staircase_spiral, uniq_josephina
Depths:3: minmay_bubble_buster, layout_small_grid, enter_ziggurat_f,
          abyss_entry, fountainhead, grunt_pan_entry_spiral, hell_entry,
          infiniplex_staircase_diamond
Depths:4: grunt_zot_entry_bicorn, layout_basic, minmay_misc_feat_cross,
          pf_hell_entry_tar_river, abyss_entry, hangedman_decor_lopped,
          nicolae_keep_em_comin, serial_bayou_shore_b
Hell
Zot:1:    layout_gridlike, uniq_tiamat, uniq_parghit
Zot:2:    gammafunk_the_bubble [the_bubble_gammafunk_split], layout_basic
Zot:3:    infiniplex_zot_generator, layout_misc_corridors, st_stairs_1
Zot:4:    layout_gridlike, nzn_random_ring
Zot:5:    layout_cathedral_of_symmetry, grunt_ministairs_11

Skill      XL: |  1  2  3  4  5  6  7  8  9 10 11 12 13 14 15 16 17 18 19 20 21 22 23 24 25 26 27 |
---------------+----------------------------------------------------------------------------------+-----
Maces & Flails | 2 3 5 6 8 10 12 13 14 15 16 | 16.0
Fighting       | 3 4 5 7 9 10 13 14 16 17 18 19 20 21 22 23 24 25 | 25.2
Armour         | 4 5 8 10 11 12 16 | 16.0
Shields        | 4 5 8 10 | 10.9
Stealth        | 7 8 9 10 | 10.0
Invocations    | 5 8 10 11 13 14 15 17 18 | 18.5
Evocations     | 5 6 8 10 | 10.0
Throwing       | 4 5 6 |  6.0
Translocations | 3 7 9 11 12 13 14 16 | 16.6
Spellcasting   | 1 4 6 8 9 10 11 14 15 | 15.7
Air Magic      | 3 6 8 |  8.0
Conjurations   | 6 8 19 | 19.0
Summonings     | 3 7 10 | 10.0

Action                     |  1- 3 |  4- 6 |  7- 9 | 10-12 | 13-15 | 16-18 | 19-21 | 22-24 | 25-27 || total
---------------------------+-------+-------+-------+-------+-------+-------+-------+-------+-------++-------
  Melee: Flail             |    82 |    11 |       |       |       |       |       |       |       ||    93
         Tailslap          |     3 |    18 |    45 |   119 |   281 |   296 |   436 |   389 |   417 ||  2004
         Whip              |       |   115 |   257 |   464 |       |       |       |       |       ||   836
         Demon whip        |       |       |       |   197 |  1397 |   990 |  1617 |   115 |   937 ||  5253
         Morningstar       |       |       |       |       |   100 |   521 |       |       |       ||   621
         Eveningstar       |       |       |       |       |       |       |       |  1481 |   678 ||  2159
         Headbutt          |       |       |       |       |       |       |       |       |    69 ||    69
  Throw: Dart              |       |     1 |     8 |       |       |     3 |    10 |     5 |       ||    27
         Boomerang         |       |       |       |       |       |     2 |     5 |     2 |     1 ||    10
         Javelin           |       |       |       |       |       |     1 |     3 |     4 |     7 ||    15
         Throwing net      |       |       |       |       |       |       |       |     1 |     3 ||     4
   Cast: Vhi's Electric Ch |       |       |       |       |       |       |     3 |     1 |       ||     4
         Blink             |       |       |       |       |       |       |     4 |     9 |    10 ||    23
         Apportation       |       |       |       |       |       |       |     1 |       |       ||     1
         Dispersal         |       |       |       |       |       |       |       |     2 |       ||     2
         Iskenderun's Myst |       |       |       |       |       |       |       |     1 |       ||     1
         Iskenderun's Batt |       |       |       |       |       |       |       |       |     1 ||     1
         Lesser Beckoning  |       |       |       |       |       |       |       |       |     1 ||     1
 Invoke: Ancestor Identity |       |       |     2 |       |       |       |       |       |       ||     2
         Ancestor Life: He |       |       |     1 |       |       |       |       |       |       ||     1
         Idealise          |       |       |       |       |     8 |    25 |     4 |     5 |    10 ||    52
         Recall Ancestor   |       |       |       |       |     2 |       |     5 |     7 |     9 ||    23
         Transference      |       |       |       |       |       |       |     1 |       |       ||     1
  Evoke: Wand              |       |       |     7 |     7 |    16 |    17 |    12 |     9 |    23 ||    91
         Box of beasts     |       |       |       |     1 |     1 |     2 |     1 |       |     2 ||     7
         Phantom mirror    |       |       |       |       |     1 |     2 |     2 |       |     1 ||     6
         Lightning rod     |       |       |       |       |       |    10 |     8 |     7 |     6 ||    31
    Use: Potion            |     1 |     2 |     2 |     3 |     5 |    15 |    12 |    10 |    28 ||    78
         Scroll            |       |    16 |     6 |     9 |    11 |    16 |    21 |    16 |    31 ||   126
   Stab: Distracted        |       |       |     1 |     7 |    12 |    17 |    15 |    14 |    25 ||    91
         Confused          |       |       |     1 |    12 |    22 |    27 |    62 |    82 |    67 ||   273
         Petrified         |       |       |       |    10 |     7 |       |       |       |       ||    17
         Invisible         |       |       |       |     4 |       |       |       |       |       ||     4
         Petrifying        |       |       |       |     1 |     2 |       |       |       |       ||     3
         Paralysed         |       |       |       |       |    39 |    91 |    91 |    87 |    60 ||   368
         Sleeping          |       |       |       |       |     1 |       |       |     4 |       ||     5
         Held in net/web   |       |       |       |       |       |       |       |     1 |     3 ||     4
 Armour: Scale mail        |    55 |    85 |    85 |   196 |   121 |       |       |       |       ||   542
         Chain mail        |       |       |       |       |   396 |   896 |   576 |   806 |   165 ||  2839
         Ring mail         |       |       |       |       |    38 |       |       |       |       ||    38
         Gold dragon scale |       |       |       |       |       |       |       |       |   842 ||   842
  Dodge: Dodged            |    24 |    26 |    52 |   127 |   239 |   243 |    98 |   170 |   134 ||  1113
  Block: Buckler           |    16 |    25 |    53 |   107 |   218 |       |       |       |       ||   419
         Kite shield       |       |       |       |       |   132 |   986 |   597 |   829 |   920 ||  3464
         Reflection        |       |       |       |       |    10 |   124 |    70 |     6 |    20 ||   230
